AoeStats
← Clueless Clown

Black Forest

503724280Analyzed
2v2 RM · 1mo ago on Sep 2, 2026· 60m 39s· 4 players
Game mode
Random Map
Map size
Medium (4 player)
Population
200
Speed
Normal
Resources
Standard
Victory
Conquest
Starting age
Dark Age
Ending age
Imperial Age
RankedLock teamsTeams togetherTeam positionsShared explorationLock speedFull tech treeHidden civsTurbo modeCheats
Victory
Defeat
🇺🇸 Spanish · United States
938
+12
🇲🇽 Portuguese · Mexico
900
+13
🇩🇪 Vietnamese · Germany
842
-13
🇦🇷 Spanish · Argentina
840
-12
Clueless Clown
12:17 Feudal Age
16:32 Castle Age
18:01 Loom
18:44 Double-Bit Axe
18:41 Horse Collar
19:51 Fishing Lines
22:26 Gillnets
25:49 Heavy Plow
26:03 Bow Saw
28:04 Wheelbarrow
29:17 Hand Cart
32:17 Imperial Age
30:36 Bloodlines
30:26 Husbandry
31:10 Caravan
31:44 Forging
31:39 Scale Barding Armor
31:26 Fletching
31:54 Stone Mining
31:55 Gold Mining
33:18 Iron Casting
32:39 Bodkin Arrow
33:12 Chain Barding Armor
34:09 Guilds
34:04 Cavalier
35:21 Plate Barding Armor
35:46 Blast Furnace
34:46 Bracer
34:32 Elite Conquistador
35:32 Conscription
36:04 Padded Archer Armor
37:35 Hoardings
37:22 Supremacy
37:01 Paladin
41:14 Leather Archer Armor
43:48 Chemistry
43:08 Ballistics
44:48 Bombard Tower
44:44 Masonry
46:03 Ring Archer Armor
47:19 Scale Mail Armor
58:59 Fervor
58:52 Murder Holes
59:28 Architecture
60:08 Spies/Treason
diossnefru1
0:30 Loom
14:35 Feudal Age
15:54 Wheelbarrow
15:01 Horse Collar
15:10 Double-Bit Axe
15:21 Gold Mining
23:23 Castle Age
21:36 Stone Mining
24:20 Hand Cart
24:35 Heavy Plow
31:00 Caravan
31:50 Bow Saw
34:56 Imperial Age
33:34 Padded Archer Armor
33:24 Fletching
33:45 Forging
34:25 Stone Shaft Mining
34:36 Treadmill Crane
35:51 Leather Archer Armor
36:01 Conscription
36:50 Chemistry
36:56 Two-Man Saw
36:15 Bodkin Arrow
36:57 Ballistics
37:26 Crop Rotation
37:58 Heated Shot
39:18 Arquebus
39:17 Elite Organ Gun
40:47 Masonry
40:56 Careening
41:38 Onager
42:31 Bracer
43:26 Architecture
42:55 Murder Holes
43:13 Pikeman
43:40 Arson
44:36 Ring Archer Armor
45:02 Halberdier
45:48 Scale Mail Armor
46:03 Siege Engineers
46:49 Iron Casting
Suiram162
6:01 Loom
12:09 Feudal Age
12:52 Horse Collar
12:58 Double-Bit Axe
13:50 Wheelbarrow
17:40 Gold Mining
21:57 Castle Age
20:15 Stone Mining
23:20 Hand Cart
23:17 Bow Saw
23:09 Heavy Plow
23:53 Stone Shaft Mining
28:38 Treadmill Crane
29:29 Caravan
33:27 Imperial Age
30:51 Town Watch
32:20 Fortified Wall
35:04 Crop Rotation
35:35 Two-Man Saw
35:23 Town Patrol
36:35 Chemistry
35:54 Forging
35:50 Scale Barding Armor
35:38 Fletching
35:49 Padded Archer Armor
36:01 Siege Engineers
35:55 Murder Holes
37:44 Ballistics
36:50 Pikeman
36:53 Elite Battle Elephant
37:56 Paper Money
37:02 Elite Skirmisher
38:33 Iron Casting
37:59 Scale Mail Armor
37:56 Bodkin Arrow
38:16 Leather Archer Armor
38:23 Chain Barding Armor
38:08 Imperial Skirmisher
38:13 Halberdier
38:55 Squires
39:33 Hoardings
39:09 Bracer
40:23 Bloodlines
40:14 Husbandry
40:37 Chain Mail Armor
40:38 Chatras
41:24 Plate Barding Armor
48:53 Plate Mail Armor
COCO CARP
12:02 Feudal Age
19:50 Castle Age
17:51 Double-Bit Axe
21:01 Caravan
24:15 Horse Collar
26:43 Bow Saw
26:25 Loom
31:59 Imperial Age
29:17 Loom
29:41 Pikeman
30:22 Squires
30:07 Arson
30:40 Elite Skirmisher
31:26 Thumb Ring
31:29 Heavy Plow
32:00 Town Watch
32:51 Wheelbarrow
33:47 Chemistry
32:31 Imperial Skirmisher
33:20 Fishing Lines
34:47 Two-Man Saw
34:02 Halberdier
34:59 Murder Holes
36:10 Gambesons
41:50 Redemption
43:38 Onager
Connection lost

Rejoining the realm…

Still unreachable

The connection could not be restored.

Session expired

The server has moved on; the page needs a fresh start.